 Dungeon Crawl Stone Soup version 0.15-a0-424-gd505f06 (webtiles) character file.

34 Fungus the Vandal (level 2, 0/18 HPs)
             Began as an Octopode Arcane Marksman on May 6, 2014.
             Slain by a jackal (2 damage)
             ... on Level 1 of the Dungeon.
             The game lasted 00:03:24 (619 turns).

Fungus the Vandal (Octopode Arcane Marksman)         Turns: 619, Time: 00:03:24

HP   0/18        AC  1     Str 10      XL: 2   Next: 58%
MP   3/3         EV 12     Int 15      God:
Gold 18          SH  0     Dex 11      Spells:  1 memorised,  2 levels left

rFire  . . .     SeeInvis .     b - +0,+1 sling
rCold  . . .     Clarity  .     (no shield)
rNeg   . . .     Conserve .     (helmet restricted)
rPois  .         rCorr    .     (no amulet)
rElec  .         rRot     .     (no ring)
SustAb . .       Spirit   .     (no ring)
rMut   .         Warding  .     (no ring)
Saprov . . .     Stasis   .     (no ring)
MR     .....                    (no ring)
                                (no ring)
                                (no ring)
                                (no ring)

@: not resistant to hostile enchantments, unstealthy
A: almost no armour, amphibious, 8 rings, constrict 8, camouflage 1, gelatinous
body 1
a: no special abilities


You were on level 1 of the Dungeon.
You were not hungry.

You visited 1 branch of the dungeon, and saw 1 of its levels.

You collected 18 gold pieces.

Inventory:

Hand weapons
 a - a +0,+0 short sword
 b - a +0,+1 sling (weapon)
Missiles
 c - 13 sling bullets (quivered)
 l - 15 silver bolts
 m - 35 darts
Comestibles
 f - 2 bread rations
 g - a chunk of giant newt flesh
 j - a rotting chunk of giant gecko flesh
 o - a chunk of jackal flesh
Scrolls
 i - a scroll of identify {unknown}
 n - a scroll of remove curse {unknown}
Potions
 k - a potion of cure mutation
Books
 d - a book of Debilitation

   Spells                             Type                      Level
   *Corona                            Hexes                        1
   Slow                               Hexes                        2
   Inner Flame                        Hexes/Fire                   3
   Enslavement                        Hexes                        4
   Cause Fear                         Hexes                        4
   Leda's Liquefaction                Hexes/Earth                  4


   Skills:
 - Level 1.0 Fighting
 + Level 3.1 Slings
 - Level 2.0 Dodging
 - Level 1.0 Spellcasting
 - Level 3.0 Hexes


You had 2 spell levels left.
You knew the following spells:

 Your Spells              Type           Power        Failure   Level  Hunger
a - Corona                Hex            #......      10%         1    ##.....


Dungeon Overview and Level Annotations

Branches:
Dungeon (1/15)

Altars:


Innate Abilities, Weirdness & Mutations

You cannot wear most types of armour.
You are amphibious.
You can wear up to eight rings at the same time.
You can use your tentacles to constrict many enemies at once.
Your skin changes colour to match your surroundings (Stealth).
Your rubbery body absorbs attacks (AC +1).


Message History

Really attack while wielding your +0,+1 sling?
Firing (i - inventory. (,) - cycle):
c - 15 sling bullets (quivered)
Press: ? - help, Shift-Dir - straight line, f/p - jackal
Aim: a jackal You shoot a sling bullet.
The sling bullet hits the jackal.
The jackal is moderately wounded.
The jackal closely misses you.
Firing (i - inventory. (,) - cycle):
c - 14 sling bullets (quivered)
Press: ? - help, Shift-Dir - straight line, f/p - jackal
Aim: a jackal (moderately wounded)
Okay, then.
Quiver which item? (- for none, * to show all) (? for menu, Esc to quit)
Quivering
c - 14 sling bullets for slings.
Firing (i - inventory. (,) - cycle):
c - 14 sling bullets (quivered)
Press: ? - help, Shift-Dir - straight line, f/p - jackal
Aim: a jackal (moderately wounded)
You shoot a sling bullet. The sling bullet hits the jackal.
The jackal is almost dead.
The jackal bites you.
You die...

.... . #...# . #..%# ##...
#...# ##### #...# #...#
#...###...###########.
#####.....................
.............%..@h..((..(#
#...#....######..(#....(.#
#...####.# #......#...
##### #.# ####...# .. #..
..(# #... #### #...# )
#.### ... #.#


You could see a jackal.

Vanquished Creatures
  2 giant geckos (D:1)
  A bat (D:1)
  A hobgoblin (D:1)
  2 jackals (D:1)
  4 kobolds (D:1)
  A giant newt (D:1)
  A rat (D:1)
12 creatures vanquished.

Notes
Turn   | Place    | Note
--------------------------------------------------------------
     0 | D:1      | Fungus, the Octopode Arcane Marksman, began the quest for the Orb.
     0 | D:1      | Reached XP level 1. HP: 13/13 MP: 2/2
   200 | D:1      | Reached XP level 2. HP: 18/18 MP: 3/3
   619 | D:1      | Slain by a jackal

Action                   || total
-------------------------++-------
 Fire: Sling             ||    69
Throw: Dart              ||    14
       Stone             ||     1
  Use: Potion            ||     1
